 Dungeon Crawl Stone Soup version 0.31.0-32-g396128a36d (webtiles) character file.

Game seed: 4269963897805560296

913 Doomgape the Trooper (level 8, -12/51 HPs)
             Began as a Gargoyle Fighter on Mar 30, 2024.
             Killed from afar by a hellion (15 damage)
             ... with damnation
             ... on level 1 of the Abyss.
             The game lasted 00:12:07 (4493 turns).

Doomgape the Trooper (Gargoyle Fighter)             Turns: 4493, Time: 00:12:07

Health: -12/51     AC: 18    Str: 21    XL:     8   Next: 9%
Magic:  0/8        EV:  6    Int: 10    God:
Gold:   321        SH:  5    Dex:  9    Spells: 7/7 levels left

rFire   . . .        e - +0 morningstar
rCold   . . .        c - +0 buckler
rNeg    + . .        n - +0 plate armour
rPois   ∞            (no helmet)
rElec   +            (no cloak)
rCorr   .            (no gloves)
SInv    .            (no boots)
Will    .....        f - amulet of guardian spirit Stlth
                     (no ring)
HPRegen 0.28/turn    (no ring)
MPRegen 0.11/turn

%: guardian spirit
@: no status effects
A: sickness immunity, AC +5, negative energy resistance 1, electricity
resistance, torment resistance 1, petrification resistance
a: no special abilities


You were on level 1 of the Abyss.
You visited 1 branch of the dungeon, and saw 5 of its levels.
You visited the Abyss 1 time.

You collected 321 gold pieces.

Inventory:

Hand Weapons
 e - a +0 morningstar (weapon)
Armour
 c - a +0 buckler (worn)
 n - a +0 plate armour (worn)
Jewellery
 b - a ring of ice
 f - an amulet of guardian spirit (around neck)
Scrolls
 g - 6 scrolls of identify
 j - a scroll of blinking
 k - a scroll of enchant armour
 l - 3 scrolls of teleportation
Potions
 a - a potion of haste {unknown}
 d - a potion of might
 i - 5 potions of lignification
 o - a potion of mutation {unknown}
 p - a potion of resistance {unknown}


   Skills:
 + Level 5.9 Fighting
 + Level 4.8 Maces & Flails
 + Level 5.8 Armour
 + Level 5.9 Shields


You had 7 spell levels left.
You didn't know any spells.
Your spell library contained the following spells:

 Spells                   Type           Power      Damage    Failure   Level
 Shock                    Conj/Air       0%         1d3       100%        1
 Call Canine Familiar     Summ           0%         N/A       100%        3
 Sigil of Binding         Hex            0%         N/A       100%        3
 Swiftness                Air            0%         N/A       100%        3
 Airstrike                Air            0%         2d(0-16)  100%        4
 Dimensional Bullseye     Hex/Tloc       0%         N/A       100%        4


Dungeon Overview and Level Annotations

Branches:
Dungeon (5/15)
 Temple: D:4-7

Altars:
Cheibriados
Fedhas
Trog

Shops:
D:1 (   D:2 [

Annotations:
D:5 ioannis32's ghost, novice GrRe


Innate Abilities, Weirdness & Mutations

You are immune to sickness and miasma.
Your stone body is resilient. (AC +5)
You are immune to poison.
You resist negative energy. (rN+)
You are resistant to electric shocks. (rElec)
You are resistant to unholy torment.
You are immune to petrification.


Message History

The white imp sputters.
The blink frog blinks!
The white imp gestures at you.
The puff of frost hits you but does no damage.
The small abomination hits you.
The white imp hits you but does no damage.
The white imp gestures at you.
The puff of frost hits you but does no damage.
Found a corrupted altar of Lugonu.
The small abomination attacks as it pursues you!
The small abomination hits you!
The white imp attacks as it pursues you!
The white imp barely misses you.
A daeva comes into view.
It is wielding a +2 long sword of holy wrath.
The daeva shouts!
The small abomination attacks as it pursues you!
The small abomination hits you but does no damage.
The small abomination barely misses you.
The white imp gestures at you. The puff of frost hits you.
You block the blink frog's attack.
The white imp hits you but does no damage.
The blink frog hits you but does no damage.
The blink frog hits you but does no damage.
Found a corrupted altar of Lugonu.
The blink frog attacks as it pursues you!
You block the blink frog's attack. The blink frog hits you!
* * * LOW HITPOINT WARNING * * *
The blink frog attacks as it pursues you!
The blink frog hits you!
* * * LOW HITPOINT WARNING * * *
The blink frog blinks!
The white imp gestures at you. The puff of frost misses you.
Unknown command.
A hellion comes into view.
The hellion gives a hideous shriek!
You hear a chilling moan.
The hellion gestures at you.
The sphere of damnation explodes!
The damnation engulfs you!
You die...

.. .. .##.#
##..#.######
.......#2....
#...#....#..#
#.#.........#
.... #.#.@.#
# ...###..#.#
# # #..
#.#..# #. #.#
#..#5#..# #.
#.##..F...##
#
#...#x##....#
#.
#..#A##.##..#
# #.#...##
..... #
#..x##. # ..#


You could see a daeva, a hellion, a blink frog, a small abomination and a white
imp.

Vanquished Creatures
  An ice beast (D:5)
  A black bear (D:3)
  A centaur (D:5)
  3 phantoms (D:5)
  A hound (D:5)
  4 orc priests
  An iguana (D:5)
  An orc wizard (D:5)
  3 gnolls (D:5)
  7 adders
  4 dart slugs
  2 ribbon worms (D:3)
  20 orcs
  6 endoplasms
  3 giant cockroaches
  7 goblins
  9 hobgoblins
  4 jackals (D:3)
  5 kobolds
  6 quokkas
  9 ball pythons
  2 bats (D:3)
  4 frilled lizards
  10 rats
114 creatures vanquished.

Vanquished Creatures (others)
  An orc wizard (D:5)
1 creature vanquished.

Grand Total: 115 creatures vanquished

Notes
Turn   | Place    | Note
-------+----------+-------------------------------------------
     0 | D:1      | Doomgape the Gargoyle Fighter began the quest for the Orb.
     0 | D:1      | Reached XP level 1. HP: 14/14 MP: 1/1
    41 | D:1      | Reached XP level 2. HP: 17/19 MP: 2/2
   193 | D:1      | Found Uharour's Weapon Shop.
   331 | D:1      | Reached XP level 3. HP: 24/24 MP: 3/3
   913 | D:2      | Found a faded altar of an unknown god.
  1035 | D:2      | Reached XP level 4. HP: 29/29 MP: 4/4
  1211 | D:2      | Found Kefaewki's Antique Armour Emporium.
  1424 | D:3      | Noticed a black bear
  1442 | D:3      | Killed a black bear
  1443 | D:3      | Reached XP level 5. HP: 16/34 MP: 5/5
  1964 | D:3      | Found a blossoming altar of Fedhas.
  2017 | D:3      | Reached XP level 6. HP: 36/39 MP: 6/6
  2641 | D:4      | Found a bloodstained altar of Trog.
  3366 | D:5      | Entered Level 5 of the Dungeon
  3395 | D:5      | Found a runed translucent gate.
  3395 | D:5      | Found a runed translucent gate.
  3396 | D:5      | Found a runed translucent gate.
  3396 | D:5      | Noticed ioannis32's ghost (novice GrRe)
  3415 | D:5      | Reached skill level 5 in Fighting
  3415 | D:5      | Reached skill level 5 in Shields
  3432 | D:5      | Noticed an ice beast
  3440 | D:5      | Reached XP level 7. HP: 39/44 MP: 5/7
  3445 | D:5      | Reached skill level 5 in Armour
  3822 | D:5      | Found a snail-covered altar of Cheibriados.
  4134 | D:5      | Reached XP level 8. HP: 44/51 MP: 8/8
  4397 | Abyss:1  | Cast into level 1 of the Abyss (kobold)
  4404 | Abyss:1  | Found an opulent altar of Gozag.
  4412 | Abyss:1  | Found a corrupted altar of Lugonu.
  4458 | Abyss:1  | Noticed a blink frog
  4459 | Abyss:1  | Noticed a blink frog
  4463 | Abyss:1  | Noticed an ancient zyme
  4466 | Abyss:1  | Noticed a deep elf demonologist
  4476 | Abyss:1  | Found a corrupted altar of Lugonu.
  4478 | Abyss:1  | Noticed a daeva
  4487 | Abyss:1  | Found a corrupted altar of Lugonu.
  4489 | Abyss:1  | HP: 2/51 [blink frog (6)]
  4491 | Abyss:1  | Noticed a hellion
  4493 | Abyss:1  | Killed from afar by a hellion

Illustrated notes

Levels and vault maps discovered:
D:1:      enne_arrival_octagon_isle, layout_basic, serial_shops, shop,
          minmay_misc_feat_encased
D:2:      layout_basic, hellmonk_ecumenical_altar_run_dry, serial_shops, shop,
          minivault_4
D:3:      layout_loops_ring, fedhas_altar_3
D:4:      nicolae_BIG_FREAKIN_CUBE, layout_basic, bloody_trog,
          minmay_goblin_outpost
D:5:      layout_loops_corners, kennysheep_slug_shrine,
          gammafunk_ghost_nasty_kobolds
Abyss:1:  base:
D:5

Skill      XL: |  1  2  3  4  5  6  7 |
---------------+----------------------+-----
Fighting       | 4 5 |  5.9
Shields        | 4 5 |  5.9
Maces & Flails | 3 4 |  4.8
Armour         | 4 5 |  5.8

Action                     |  1- 3 |  4- 6 |  7- 9 || total
---------------------------+-------+-------+-------++-------
  Melee: Flail             |   148 |   226 |       ||   374
         Morningstar       |       |     4 |    95 ||    99
    Use: Scroll            |       |     7 |     3 ||    10
 Armour: Scale mail        |   100 |    67 |       ||   167
         Chain mail        |       |    59 |       ||    59
         Plate armour      |       |    52 |   129 ||   181
  Dodge: Dodged            |    77 |    78 |    35 ||   190
  Block: Buckler           |    28 |    46 |    28 ||   102
